 Dungeon Crawl Stone Soup version 0.20-a0-270-g8e735b6 (webtiles) character file.

105 Enthusiasm the Skirmisher (level 4, -1/41 HPs)
             Began as a Minotaur Berserker on Dec 11, 2016.
             Was a Believer of Trog.
             Slain by an orc priest
             ... wielding a +0 war axe
              (3 damage)
             ... on level 3 of the Dungeon.
             The game lasted 00:04:05 (1295 turns).

Enthusiasm the Skirmisher (Minotaur Berserker)      Turns: 1295, Time: 00:04:06

Health: -1/41      AC:  5    Str: 21    XL:     4   Next: 53%
Magic:  3/3        EV: 12    Int:  5    God:    Trog [**....]
Gold:   147        SH:  0    Dex: 10    Spells: 3/3 levels left

rFire  . . .     SeeInvis .     e - +2 whip (elec)
rCold  . . .     Gourm    .     l - +0 ring mail
rNeg   . . .     Faith    .     (no shield)
rPois  .         Spirit   .     (helmet restricted)
rElec  .         Reflect  .     (no cloak)
rCorr  +         Harm     .     (no gloves)
MR     .....                    (no boots)
Stlth  ..........               (no amulet)
                                (no ring)
                                n - ring of resist corrosion

@: lethally poisoned (-1 -> -2)
A: retaliatory headbutt, horns 2
a: Berserk, Trog's Hand, Burn Spellbooks, Renounce Religion


You were on level 3 of the Dungeon.
You worshipped Trog.
Trog was pleased with you.
You were not hungry.

You visited 1 branch of the dungeon, and saw 3 of its levels.

You collected 147 gold pieces.

Inventory:

Hand Weapons
 e - a +2 whip of electrocution (weapon)
Armour
 l - a +0 ring mail (worn)
Jewellery
 n - a ring of resist corrosion (left hand)
Scrolls
 b - a scroll of fear {unknown}
 f - a scroll of identify {unknown}
 g - a scroll of teleportation {unknown}
 i - a scroll of remove curse {unknown}
 j - a scroll of blinking {unknown}
 k - a scroll of immolation {unknown}
 q - a scroll of fog {unknown}
Potions
 a - a potion of flight {unknown}
 m - 2 potions of heal wounds {unknown}
 o - 2 potions of cancellation {unknown}
 p - 2 potions of haste {unknown}
 r - a potion of degeneration {unknown}
Comestibles
 c - 3 bread rations
 d - 6 chunks of flesh
 h - 4 fruits


   Skills:
 - Level 4.4 Fighting
 + Level 4.4 Maces & Flails
 - Level 3.8 Armour
 - Level 3.0 Dodging


You had 3 spell levels left.
You didn't know any spells.

Dungeon Overview and Level Annotations

Branches:
Dungeon (3/15)

Altars:


Innate Abilities, Weirdness & Mutations

You reflexively headbutt those who attack you in melee.
You have a pair of horns on your head.


Message History

The orc priest is heavily wounded.
You barely miss the orc priest.
The orc priest is heavily wounded.
The orc priest misses you.
You hit the orc priest.
The orc priest is almost dead.
You feel sick. The orc priest hits you with a war axe.
* * * LOW HITPOINT WARNING * * *
Okay, then.
You barely miss the orc priest.
The orc priest is almost dead.
You closely miss the orc priest. Your headbutt misses the orc priest.
The orc priest is almost dead.
The orc priest invokes the aid of Beogh against you.
Pain shoots through your body!
* * * LOW HITPOINT WARNING * * *
Your ring mail prevents you from hitting the orc priest.
The orc priest is almost dead.
The orc priest hits you with a war axe.
You die...

.≈≈######
.≈≈.....#
#<######
#.#....
#.....
#.#..#
≈≈####.##)#
≈.......@o#
.#####.##.##
#.##..# #.
#..## ..
#...# #.
#...## #.
###..# #.
##..#
#.###..##


You could see an orc priest.

Vanquished Creatures
  4 adders
  4 worms (D:2)
  A dart slug (D:1)
  A leopard gecko (D:3)
  3 orcs (D:3)
  6 bats
  2 giant cockroaches
  7 goblins
  5 hobgoblins
  A jackal (D:2)
  2 quokkas
  4 frilled lizards
  8 kobolds
  3 rats
51 creatures vanquished.

Notes
Turn   | Place    | Note
-------+----------+-------------------------------------------
     0 | D:1      | Enthusiasm the Minotaur Berserker began the quest for the Orb.
     0 | D:1      | Reached XP level 1. HP: 19/19 MP: 0/0
   155 | D:1      | Reached XP level 2. HP: 27/27 MP: 1/1
   534 | D:2      | Reached XP level 3. HP: 33/33 MP: 2/2
   702 | D:2      | Reached ** piety under Trog
   959 | D:2      | Reached XP level 4. HP: 41/41 MP: 3/3
  1294 | D:3      | HP: 2/41 [orc priest/nerve-wracking pain (5)]
  1295 | D:3      | Slain by an orc priest

Vault maps used:
D:1:      scummos_arrival_checkerplants
D:3:      kennysheep_goblin_castle, first_bread, minmay_misc_feat_x,
          grunt_dithmenos_smoke_and_mirrors

Skill      XL: |  1  2  3  4 |
---------------+-------------+-----
Armour         | 3 |  3.8
Fighting       | 4 |  4.4
Maces & Flails | 4 |  4.4
Dodging        | 3 |  3.0

Action                   |  1- 3 |  4- 6 || total
-------------------------+-------+-------++-------
Melee: Mace              |     9 |       ||     9
       Whip              |    51 |    48 ||    99
       Headbutt          |     8 |     9 ||    17
  Eat: Chunk             |       |     1 ||     1
Armor: Animal skin       |     2 |       ||     2
       Ring mail         |     5 |    15 ||    20
Dodge: Dodged            |    31 |    16 ||    47
